Devils vs Sound Tigers
(R1)
Created - April 21, 2022 at 19:04
Goals
|
| Devils |
0 |
0 |
2 |
2 |
| Sound Tigers |
0 |
1 |
0 |
1 |
|
Shots
|
| Devils |
7 |
5 |
15 |
27 |
| Sound Tigers |
8 |
12 |
8 |
28 |
|
1st period
No Goal
Penalties :
Sam Bennett (Bin) for Roughing (Minor) at 11:17, Garret Ross (BRI) for Holding (Minor) at 16:06, Ilya Lyubushkin (Bin) for Roughing (Minor) at 19:08, Julian Melchiori (BRI) for Hooking (Minor) at 19:15
2nd period
1. Sound Tigers , Ryan Bourque 20 (Garret Ross 19, James Livingstone 17) at 6:24
Penalties :
Alan Quine (Bin) for Hooking (Minor) at 3:09, Logan Shaw (Bin) for Tripping (Minor) at 6:30, Ryan Hartman (BRI) for Tripping (Minor) at 14:03, Sam Bennett (Bin) for Tripping (Minor) at 18:49
3rd period
2. Devils , Valeri Nichushkin 15 (Joonas Donskoi 32, Calvin Pickard) at 2:12 (PP)
3. Devils , Brett Howden 1 (Dalton Thrower 11, Brett Seney 22) at 3:24
Penalties :
Alex Tuch (BRI) for Holding (Minor) at 1:33, Ben Thomson (BRI) for High sticking (Double Minor) at 5:11
Goalie Stats
Calvin Pickard (Bin), 27 saves from 28 shots - (0.964), W, 18-21-3, 60:00 minutes
Pavel Francouz (BRI), 25 saves from 27 shots - (0.926), L, 28-21-2, 59:04 minutes
Players Stats for Devils
Player Name G A P +/- PIM S H SB GA TA FO MP PP MP PK MP
------------------------------------------------------------------------------------
Alan Quine 0 0 0 0 2 2 0 1 0 0 6/8 18:25 3:49 2:32
Ben Hutton 0 0 0 0 0 1 3 2 1 1 0/0 24:41 5:22 5:46
Brandon Carlo 0 0 0 0 0 1 1 3 0 1 0/0 24:31 5:22 5:46
Brett Howden 1 0 1 1 0 2 3 0 0 0 2/4 14:37 0:39 1:09
Brett Seney 0 1 1 1 0 4 1 0 0 0 0/0 13:49 1:13 1:04
Christian Wolanin 0 0 0 0 0 0 2 0 0 0 1/3 12:55 0:07 0:00
Conor Garland 0 0 0 1 0 1 0 1 2 0 0/1 12:27 0:53 0:00
Dalton Thrower 0 1 1 1 0 1 0 0 0 1 0/0 16:56 3:21 2:17
Ilya Lyubushkin 0 0 0 1 2 0 2 0 0 1 0/0 16:01 3:14 2:17
Jake Bean 0 0 0 -1 0 0 0 0 0 0 0/0 7:37 0:00 0:00
Jonny Brodzinski 0 0 0 -1 0 0 0 0 1 0 0/0 6:43 0:00 0:00
Joonas Donskoi 0 1 1 0 0 1 0 0 0 0 0/2 14:12 3:43 0:00
Logan Shaw 0 0 0 0 2 5 1 1 0 1 0/0 17:00 4:07 0:00
Mason Marchment 0 0 0 -1 0 1 0 0 0 0 1/1 6:32 0:00 0:00
Robbie Russo 0 0 0 0 0 0 0 0 0 0 0/0 10:56 0:00 0:00
Sam Bennett 0 0 0 -1 4 0 2 1 0 1 12/27 21:19 4:15 2:27
Sven Baertschi 0 0 0 0 0 5 1 1 3 0 0/1 22:45 3:58 5:26
Valeri Nichushkin 1 0 1 0 0 3 2 0 0 1 4/7 20:57 3:32 3:28
Vincent Desharnais 0 0 0 -1 0 0 0 0 0 1 0/0 7:37 0:00 0:00
Players Stats for Sound Tigers
Player Name G A P +/- PIM S H SB GA TA FO MP PP MP PK MP
------------------------------------------------------------------------------------
Alex Tuch 0 0 0 -1 2 1 3 0 2 1 1/1 22:46 4:27 3:56
Alexander Yelesin 0 0 0 0 0 0 1 1 0 1 0/0 9:14 0:00 0:23
Ben Thomson 0 0 0 0 4 2 1 0 0 0 1/1 10:39 0:00 2:20
Borna Rendulic 0 0 0 -1 0 2 3 1 2 0 2/3 16:52 4:37 0:00
Christian Fischer 0 0 0 0 0 2 1 0 0 0 0/0 13:37 3:26 0:00
Connor Murphy 0 0 0 -1 0 4 2 1 1 0 0/0 27:46 4:37 4:33
Dylan McIlrath 0 0 0 -1 0 2 2 1 0 1 0/0 27:50 4:37 4:45
Gabriel Carlsson 0 0 0 0 0 0 0 1 0 1 0/0 10:43 0:00 0:32
Garret Ross 0 1 1 1 2 2 1 3 0 0 0/0 13:38 0:00 1:53
James Livingstone 0 1 1 1 0 0 1 0 1 1 0/0 10:24 0:00 0:00
James Sheppard 0 0 0 0 0 2 0 0 0 0 0/0 16:28 3:26 2:07
Joe Labate 0 0 0 0 0 1 0 0 0 0 5/10 16:00 3:26 2:23
Julian Melchiori 0 0 0 1 2 0 1 1 1 0 0/0 21:19 3:25 3:48
Pavel Kraskovsky 0 0 0 0 0 1 0 0 0 1 3/3 8:41 0:00 1:01
Rhett Gardner 0 0 0 0 0 0 1 0 0 0 0/0 0:49 0:10 0:00
Ross Colton 0 0 0 0 0 0 0 0 0 0 0/0 0:00 0:00 0:00
Ryan Bourque 1 0 1 1 0 1 0 0 0 0 1/4 10:24 0:00 0:00
Ryan Hartman 0 0 0 -1 2 5 8 0 1 0 15/32 22:09 4:37 3:23
Scott Glennie 0 0 0 0 0 3 0 1 0 0 0/0 7:40 0:00 0:00
Slater Koekkoek 0 0 0 1 0 0 0 0 0 1 0/0 22:21 3:26 3:48
3 Stars
1 - Calvin Pickard (Bin)
2 - Brett Howden (Bin)
3 - Valeri Nichushkin (Bin)
Power Play
Devils - 1 on 6 Attempt(s) - 16.67%
Sound Tigers - 0 on 5 Attempt(s) - 0.00%
Penalty Kill
Devils - 5 on 5 Attempt(s) - 100.00%
- Score 0 goal in Penalty Kill
Sound Tigers - 5 on 6 Attempt(s) - 83.33%
- Score 0 goal in Penalty Kill
Team Stat
Devils - Hits : 18 - Faceoff Wins : 26 - Blocked Shots : 10 - Penalty Minutes : 10
Sound Tigers - Hits : 25 - Faceoff Wins : 28 - Blocked Shots : 10 - Penalty Minutes : 12
Official
Referees : Frederick L'Ecuyer and Garrett Rank
Linesman : Shandor Alphonso and David Brisebois
Game Notes
No Game Note
Finance
Level 1 -- Attendance: 1997 (99.85%) -- Ticket Income $69,895
Level 2 -- Attendance: 991 (99.10%) -- Ticket Income $14,865
Total Attendance: 2988 (99.60%)
Total Ticket Income: $84,760
Other Income: $4,238
Total Income: $88,998
Devils
5 vs 5 Forward
Center Left Wing Right Wing Time % Phy DF OF
1 Sam Bennett Sven Baertschi Logan Shaw 40 0 2 3
2 Alan Quine Valeri Nichushkin Joonas Donskoi 30 0 2 3
3 Brett Howden Brett Seney Conor Garland 20 0 2 3
4 Sam Bennett Mason Marchment Jonny Brodzinski 10 0 2 3
5 vs 5 Defense
Defense Defense Time % Phy DF OF
1 Brandon Carlo Ben Hutton 40 1 3 1
2 Dalton Thrower Ilya Lyubushkin 30 1 3 1
3 Robbie Russo Christian Wolanin 20 1 3 1
4 Jake Bean Vincent Desharnais 10 1 3 1
PowerPlay Forward
Center Left Wing Right Wing Time % Phy DF OF
1 Sam Bennett Sven Baertschi Logan Shaw 60 0 1 4
2 Alan Quine Valeri Nichushkin Joonas Donskoi 40 0 1 4
PowerPlay Defense
Defense Defense Time % Phy DF OF
1 Brandon Carlo Ben Hutton 60 0 2 3
2 Dalton Thrower Ilya Lyubushkin 40 0 2 3
Penalty Kill 4 Players Forward
Center Wing Time % Phy DF OF
1 Sam Bennett Sven Baertschi 60 1 3 1
2 Alan Quine Valeri Nichushkin 40 1 3 1
Penalty Kill 4 Players Defense
Defense Defense Time % Phy DF OF
1 Brandon Carlo Ben Hutton 60 1 4 0
2 Dalton Thrower Ilya Lyubushkin 40 1 4 0
Penalty Kill - 3 Players Forward
Forward Time % Phy DF OF
1 Sam Bennett 60 1 2 2
2 Alan Quine 40 1 2 2
Penalty Kill - 3 Players Defense
Defense Defense Time % Phy DF OF
1 Brandon Carlo Ben Hutton 60 1 2 2
2 Dalton Thrower Ilya Lyubushkin 40 1 2 2
4 vs 4 Forward
Center Wing Time % Phy DF OF
1 Sam Bennett Sven Baertschi 60 1 2 2
2 Alan Quine Valeri Nichushkin 40 1 2 2
4 vs 4 Defense
Defense Defense Time % Phy DF OF
1 Brandon Carlo Ben Hutton 60 1 2 2
2 Dalton Thrower Ilya Lyubushkin 40 1 2 2
Last Minutes Offensive
Center Left Wing Right Wing Defense Defense
Sam Bennett Sven Baertschi Logan Shaw Brandon Carlo Ben Hutton
Last Minutes Defensive
Center Left Wing Right Wing Defense Defense
Sam Bennett Sven Baertschi Logan Shaw Brandon Carlo Ben Hutton
Goaltenders
Starting : Calvin Pickard
Backup : Juuse Saros
Extra Forwards
Normal : Valeri Nichushkin, Alan Quine, Sam Bennett - PP : Valeri Nichushkin, Alan Quine - PK : Valeri Nichushkin
Extra Defensemen
Normal : Christian Wolanin, Jake Bean, Vincent Desharnais - PP : Jake Bean - PK : Robbie Russo, Vincent Desharnais
Penalty Shots
Logan Shaw, Sven Baertschi, Sam Bennett, Joonas Donskoi, Valeri Nichushkin
Scratches
Cristiano Digiacinto (Healthy), Darren Dietz (Broken Left Index Finger Injury), Reid Boucher (Sore Left Knee Injury)
Sound Tigers
5 vs 5 Forward
Center Left Wing Right Wing Time % Phy DF OF
1 Ryan Hartman Alex Tuch Borna Rendulic 40 1 2 2
2 Joe Labate James Sheppard Christian Fischer 30 1 2 2
3 Ryan Bourque Garret Ross James Livingstone 20 1 2 2
4 Pavel Kraskovsky Ben Thomson Scott Glennie 10 1 2 2
5 vs 5 Defense
Defense Defense Time % Phy DF OF
1 Connor Murphy Dylan McIlrath 40 1 2 2
2 Julian Melchiori Slater Koekkoek 30 1 2 2
3 Gabriel Carlsson Alexander Yelesin 20 1 2 2
4 Connor Murphy Dylan McIlrath 10 1 2 2
PowerPlay Forward
Center Left Wing Right Wing Time % Phy DF OF
1 Ryan Hartman Alex Tuch Borna Rendulic 60 1 2 2
2 Joe Labate James Sheppard Christian Fischer 40 1 2 2
PowerPlay Defense
Defense Defense Time % Phy DF OF
1 Connor Murphy Dylan McIlrath 60 1 2 2
2 Julian Melchiori Slater Koekkoek 40 1 2 2
Penalty Kill 4 Players Forward
Center Wing Time % Phy DF OF
1 Ryan Hartman Alex Tuch 60 1 2 2
2 James Sheppard Garret Ross 40 1 2 2
Penalty Kill 4 Players Defense
Defense Defense Time % Phy DF OF
1 Connor Murphy Dylan McIlrath 60 1 2 2
2 Julian Melchiori Slater Koekkoek 40 1 2 2
Penalty Kill - 3 Players Forward
Forward Time % Phy DF OF
1 Ryan Hartman 60 1 2 2
2 Alex Tuch 40 1 2 2
Penalty Kill - 3 Players Defense
Defense Defense Time % Phy DF OF
1 Connor Murphy Dylan McIlrath 60 1 2 2
2 Julian Melchiori Slater Koekkoek 40 1 2 2
4 vs 4 Forward
Center Wing Time % Phy DF OF
1 Ryan Hartman Alex Tuch 60 1 2 2
2 James Sheppard Garret Ross 40 1 2 2
4 vs 4 Defense
Defense Defense Time % Phy DF OF
1 Connor Murphy Dylan McIlrath 60 1 2 2
2 Julian Melchiori Slater Koekkoek 40 1 2 2
Last Minutes Offensive
Center Left Wing Right Wing Defense Defense
Ryan Hartman Alex Tuch Borna Rendulic Connor Murphy Dylan McIlrath
Last Minutes Defensive
Center Left Wing Right Wing Defense Defense
Ryan Hartman Alex Tuch Borna Rendulic Connor Murphy Dylan McIlrath
Goaltenders
Starting : Pavel Francouz
Backup : Sean Maguire
Extra Forwards
Normal : Rhett Gardner, James Livingstone, Ben Thomson - PP : Rhett Gardner, James Livingstone - PK : Ben Thomson
Extra Defensemen
Normal : Gabriel Carlsson, Alexander Yelesin, Julian Melchiori - PP : Gabriel Carlsson - PK : Alexander Yelesin, Julian Melchiori
Penalty Shots
Ryan Hartman, Alex Tuch, James Sheppard, Garret Ross, Borna Rendulic
Scratches
Ben Johnson (Healthy), Blake Speers (Healthy), Brad Ross (Healthy), David Broll (Healthy), Josh Archibald (Healthy)
Tyrell Goulbourne (Healthy), Garret Pilon (Healthy), Brandon Gignac (Healthy), Casey Staum (Healthy), Chris Driedger (Healthy)
% Time on Ice - Devils
Lines # - Real PCT - Wanted PCT - Time Play
Normal Forward
1 - 30% - 40% - 11:56
2 - 28% - 30% - 11:14
3 - 26% - 20% - 10:35
4 - 16% - 10% - 6:32
Normal Defense
1 - 30% - 40% - 12:16
2 - 26% - 30% - 10:33
3 - 27% - 20% - 10:56
4 - 16% - 10% - 6:32
PP Forward
1 - 53% - 60% - 4:35
2 - 47% - 40% - 4:08
PP Defense
1 - 62% - 60% - 5:22
2 - 38% - 40% - 3:21
PK Forward
1 - 84% - 60% - 6:48
2 - 16% - 40% - 1:15
PK Defense
1 - 72% - 60% - 5:46
2 - 28% - 40% - 2:17
PK3 Forward
1 - 0% - 60%
2 - 0% - 40%
PK3 Defense
1 - 0% - 60%
2 - 0% - 40%
44 Forward
1 - 76% - 60% - 1:25
2 - 24% - 40% - 0:27
44 Defense
1 - 60% - 60% - 1:07
2 - 40% - 40% - 0:45
Last Minute Offensive - 0:00
Last Minute Defensive - 1:05
Total
Forward - 60:00
Defense - 60:00
|
% Time on Ice - Sound Tigers
Lines # - Real PCT - Wanted PCT - Time Play
Normal Forward
1 - 29% - 40% - 11:51
2 - 26% - 30% - 10:25
3 - 26% - 20% - 10:24
4 - 19% - 10% - 7:40
Normal Defense
1 - 41% - 40% - 16:40
2 - 34% - 30% - 13:47
3 - 22% - 20% - 8:46
4 - 3% - 10% - 1:07
PP Forward
1 - 57% - 60% - 4:37
2 - 43% - 40% - 3:26
PP Defense
1 - 57% - 60% - 4:37
2 - 43% - 40% - 3:26
PK Forward
1 - 86% - 60% - 7:30
2 - 14% - 40% - 1:13
PK Defense
1 - 56% - 60% - 4:55
2 - 44% - 40% - 3:48
PK3 Forward
1 - 0% - 60%
2 - 0% - 40%
PK3 Defense
1 - 0% - 60%
2 - 0% - 40%
44 Forward
1 - 73% - 60% - 1:22
2 - 27% - 40% - 0:30
44 Defense
1 - 29% - 60% - 0:32
2 - 71% - 40% - 1:20
Last Minute Offensive - 1:02
Last Minute Defensive - 0:00
Total
Forward - 60:00
Defense - 60:00
|
Play-by-Play
1st period
0:01 of 1st period - Ryan Hartman wins face-off versus Sam Bennett in neutral zone.
0:10 of 1st period - Ryan Hartman is hit by Logan Shaw and loses puck.
0:19 of 1st period - Dylan McIlrath is hit by Ben Hutton and loses puck.
1:01 of 1st period - Wrist shot by Garret Ross.
1:01 of 1st period - Shot Misses the Net.
1:38 of 1st period - Snap shot by Ryan Hartman.
1:38 of 1st period - Shot Blocked by Sven Baertschi.
1:56 of 1st period - Wrist shot by Valeri Nichushkin.
1:56 of 1st period - Stopped by Pavel Francouz with a rebound.
2:16 of 1st period - Snap shot by Brett Seney.
2:16 of 1st period - Shot Blocked by Gabriel Carlsson.
2:44 of 1st period - Off-side.
2:45 of 1st period - Ryan Bourque wins face-off versus Valeri Nichushkin in neutral zone.
2:48 of 1st period - Wrist shot by Connor Murphy.
2:48 of 1st period - Deflect By Garret Ross.
2:48 of 1st period - Stopped by Calvin Pickard without a rebound.
2:49 of 1st period - Alan Quine wins face-off versus Ryan Bourque in Devils zone.
3:02 of 1st period - Slapshot by Garret Ross.
3:02 of 1st period - Shot Blocked by Alan Quine.
3:04 of 1st period - Snap shot by Connor Murphy.
3:04 of 1st period - Shot Blocked by Brandon Carlo.
3:06 of 1st period - Slapshot by Dylan McIlrath.
3:06 of 1st period - Stopped by Calvin Pickard without a rebound.
3:07 of 1st period - Sam Bennett wins face-off versus Ryan Hartman in Devils zone.
3:07 of 1st period - Sam Bennett is hit by Borna Rendulic.
5:46 of 1st period - Slapshot by Alan Quine.
5:46 of 1st period - Stopped by Pavel Francouz with a rebound.
5:48 of 1st period - Snap shot by Valeri Nichushkin.
5:48 of 1st period - Stopped by Pavel Francouz with a rebound.
5:53 of 1st period - Snap shot by Joonas Donskoi.
5:53 of 1st period - Stopped by Pavel Francouz without a rebound.
5:54 of 1st period - Sam Bennett wins face-off versus Joe Labate in Sound Tigers zone.
6:23 of 1st period - Wrist shot by Conor Garland.
6:23 of 1st period - Stopped by Pavel Francouz with a rebound.
6:25 of 1st period - Slapshot by Conor Garland.
6:25 of 1st period - Shot Misses the Net.
6:27 of 1st period - Snap shot by Dalton Thrower.
6:27 of 1st period - Shot Blocked by Garret Ross.
6:29 of 1st period - Snap shot by Brett Howden.
6:29 of 1st period - Shot Blocked by Julian Melchiori.
6:51 of 1st period - Wrist shot by Ben Thomson.
6:51 of 1st period - Stopped by Calvin Pickard with a rebound.
7:03 of 1st period - Wrist shot by Brett Seney.
7:03 of 1st period - Stopped by Pavel Francouz with a rebound.
7:13 of 1st period - Wrist shot by Christian Fischer.
7:13 of 1st period - Stopped by Calvin Pickard with a rebound.
11:17 of 1st period - Minor Penalty to Sam Bennett for Roughing.
11:18 of 1st period - Valeri Nichushkin wins face-off versus Joe Labate in Devils zone.
11:34 of 1st period - Wrist shot by Joe Labate.
11:34 of 1st period - Shot Misses the Net.
11:44 of 1st period - Valeri Nichushkin is hit by Ryan Hartman and loses puck.
13:09 of 1st period - Dalton Thrower is hit by Rhett Gardner and loses puck.
13:17 of 1st period - Penalty to Sam Bennett is over, Sam Bennett is back on ice.
14:02 of 1st period - Off-side.
14:03 of 1st period - Pavel Kraskovsky wins face-off versus Brett Howden in neutral zone.
14:12 of 1st period - Snap shot by Ben Thomson.
14:12 of 1st period - Shot Misses the Net.
14:27 of 1st period - Icing by Valeri Nichushkin.
14:28 of 1st period - Alan Quine wins face-off versus Ryan Bourque in Devils zone.
14:59 of 1st period - Snap shot by Garret Ross.
14:59 of 1st period - Stopped by Calvin Pickard without a rebound.
15:00 of 1st period - Ryan Hartman wins face-off versus Sam Bennett in Devils zone.
15:14 of 1st period - Slapshot by Ryan Hartman.
15:14 of 1st period - Stopped by Calvin Pickard without a rebound.
15:15 of 1st period - Sam Bennett wins face-off versus Joe Labate in Devils zone.
15:15 of 1st period - Sam Bennett is hit by Christian Fischer.
16:06 of 1st period - Minor Penalty to Garret Ross for Holding.
16:07 of 1st period - Alan Quine wins face-off versus Ryan Hartman in Sound Tigers zone.
18:06 of 1st period - Penalty to Garret Ross is over, Garret Ross is back on ice.
18:11 of 1st period - Garret Ross is hit by Ilya Lyubushkin and loses puck.
18:40 of 1st period - Mason Marchment is hit by Dylan McIlrath and loses puck.
19:03 of 1st period - Snap shot by Ben Thomson.
19:03 of 1st period - Stopped by Calvin Pickard without a rebound.
19:04 of 1st period - Pavel Kraskovsky wins face-off versus Alan Quine in Devils zone.
19:08 of 1st period - Minor Penalty to Ilya Lyubushkin for Roughing.
19:09 of 1st period - Ryan Hartman wins face-off versus Sam Bennett in Devils zone.
19:09 of 1st period - Snap shot by Alex Tuch.
19:09 of 1st period - Stopped by Calvin Pickard with a rebound.
19:15 of 1st period - Minor Penalty to Julian Melchiori for Hooking.
19:16 of 1st period - Sam Bennett wins face-off versus Ryan Hartman in Sound Tigers zone.
19:17 of 1st period - Slapshot by Sven Baertschi.
19:17 of 1st period - Stopped by Pavel Francouz without a rebound.
19:18 of 1st period - Sam Bennett wins face-off versus Ryan Hartman in Sound Tigers zone.
Goals for this period are 0 for Devils vs 0 for Sound Tigers.
Shots for this period are 7 for Devils vs 8 for Sound Tigers.
2nd period
0:01 of 2nd period - Ryan Hartman wins face-off versus Sam Bennett in neutral zone.
0:04 of 2nd period - Slapshot by Connor Murphy.
0:04 of 2nd period - Stopped by Calvin Pickard with a rebound.
0:12 of 2nd period - Wrist shot by Sven Baertschi.
0:12 of 2nd period - Shot Blocked by Dylan McIlrath.
1:08 of 2nd period - Penalty to Ilya Lyubushkin is over, Ilya Lyubushkin is back on ice.
1:15 of 2nd period - Penalty to Julian Melchiori is over, Julian Melchiori is back on ice.
1:27 of 2nd period - Snap shot by Garret Ross.
1:27 of 2nd period - Shot Misses the Net.
1:33 of 2nd period - Snap shot by Brett Seney.
1:33 of 2nd period - Stopped by Pavel Francouz without a rebound.
1:34 of 2nd period - Alan Quine wins face-off versus Joe Labate in Sound Tigers zone.
1:59 of 2nd period - Ryan Hartman is hit by Brett Seney and loses puck.
2:24 of 2nd period - Snap shot by Logan Shaw.
2:24 of 2nd period - Shot Blocked by Scott Glennie.
2:26 of 2nd period - Snap shot by Logan Shaw.
2:26 of 2nd period - Stopped by Pavel Francouz with a rebound.
2:28 of 2nd period - Snap shot by Sam Bennett.
2:28 of 2nd period - Shot Misses the Net.
2:42 of 2nd period - Wrist shot by James Sheppard.
2:42 of 2nd period - Stopped by Calvin Pickard without a rebound.
2:43 of 2nd period - Joe Labate wins face-off versus Sam Bennett in Devils zone.
2:59 of 2nd period - Snap shot by Christian Fischer.
2:59 of 2nd period - Stopped by Calvin Pickard without a rebound.
3:00 of 2nd period - Ryan Hartman wins face-off versus Joonas Donskoi in Devils zone.
3:07 of 2nd period - Wrist shot by Ryan Hartman.
3:07 of 2nd period - Stopped by Calvin Pickard with a rebound.
3:09 of 2nd period - Minor Penalty to Alan Quine for Hooking.
3:10 of 2nd period - Sam Bennett wins face-off versus Ryan Hartman in Devils zone.
3:23 of 2nd period - Wrist shot by Ryan Hartman.
3:23 of 2nd period - Stopped by Calvin Pickard without a rebound.
3:24 of 2nd period - Sam Bennett wins face-off versus Ryan Hartman in Devils zone.
3:35 of 2nd period - Slapshot by Sven Baertschi.
3:35 of 2nd period - Deflect By Sam Bennett.
3:35 of 2nd period - Shot Blocked by Borna Rendulic.
3:35 of 2nd period - Puck is out of play.
3:36 of 2nd period - Sam Bennett wins face-off versus Ryan Hartman in Sound Tigers zone.
4:05 of 2nd period - Wrist shot by Joe Labate.
4:05 of 2nd period - Stopped by Calvin Pickard with a rebound.
4:11 of 2nd period - Wrist shot by Joe Labate.
4:11 of 2nd period - Shot Blocked by Brandon Carlo.
4:31 of 2nd period - Sven Baertschi is hit by Alex Tuch and loses puck.
5:09 of 2nd period - Penalty to Alan Quine is over, Alan Quine is back on ice.
5:16 of 2nd period - Joonas Donskoi is hit by Alex Tuch and loses puck.
5:27 of 2nd period - Slater Koekkoek is hit by Christian Wolanin and loses puck.
6:24 of 2nd period - Slapshot by Ryan Bourque.
6:24 of 2nd period - Goal by Ryan Bourque - Devils : 0 - Sound Tigers : 1.
6:25 of 2nd period - Borna Rendulic wins face-off versus Sam Bennett in neutral zone.
6:28 of 2nd period - Slapshot by Connor Murphy.
6:28 of 2nd period - Stopped by Calvin Pickard with a rebound.
6:30 of 2nd period - Minor Penalty to Logan Shaw for Tripping.
6:31 of 2nd period - Ryan Hartman wins face-off versus Sam Bennett in Devils zone.
6:36 of 2nd period - Snap shot by Ryan Hartman.
6:36 of 2nd period - Stopped by Calvin Pickard without a rebound.
6:37 of 2nd period - Sam Bennett wins face-off versus Ryan Hartman in Devils zone.
6:37 of 2nd period - Sam Bennett is hit by Connor Murphy.
6:53 of 2nd period - Snap shot by Borna Rendulic.
6:53 of 2nd period - Shot Misses the Net.
8:13 of 2nd period - Ben Hutton is hit by Ryan Hartman and loses puck.
8:24 of 2nd period - James Sheppard is hit by Valeri Nichushkin and loses puck.
8:30 of 2nd period - Penalty to Logan Shaw is over, Logan Shaw is back on ice.
8:41 of 2nd period - Ryan Bourque is hit by Brett Howden.
8:55 of 2nd period - Slapshot by Julian Melchiori.
8:55 of 2nd period - Shot Misses the Net.
8:57 of 2nd period - Snap shot by Julian Melchiori.
8:57 of 2nd period - Shot Misses the Net.
8:59 of 2nd period - Wrist shot by Scott Glennie.
8:59 of 2nd period - Stopped by Calvin Pickard with a rebound.
9:03 of 2nd period - Slapshot by Pavel Kraskovsky.
9:03 of 2nd period - Stopped by Calvin Pickard with a rebound.
9:05 of 2nd period - Snap shot by Scott Glennie.
9:05 of 2nd period - Shot Misses the Net.
9:40 of 2nd period - Vincent Desharnais is hit by Alexander Yelesin and loses puck.
10:14 of 2nd period - Ilya Lyubushkin is hit by Connor Murphy.
10:55 of 2nd period - Dylan McIlrath is hit by Sven Baertschi and loses puck.
12:03 of 2nd period - Ben Hutton is hit by Julian Melchiori and loses puck.
12:25 of 2nd period - Scott Glennie is hit by Sam Bennett and loses puck.
12:41 of 2nd period - Off-side.
12:42 of 2nd period - Joe Labate wins face-off versus Valeri Nichushkin in neutral zone.
13:13 of 2nd period - Snap shot by Sven Baertschi.
13:13 of 2nd period - Stopped by Pavel Francouz with a rebound.
13:15 of 2nd period - Slapshot by Christian Wolanin.
13:15 of 2nd period - Shot Misses the Net.
13:17 of 2nd period - Wrist shot by Valeri Nichushkin.
13:17 of 2nd period - Shot Misses the Net.
13:19 of 2nd period - Snap shot by Logan Shaw.
13:19 of 2nd period - Shot Misses the Net.
13:31 of 2nd period - Slapshot by Logan Shaw.
13:31 of 2nd period - Stopped by Pavel Francouz with a rebound.
13:39 of 2nd period - Wrist shot by Logan Shaw.
13:39 of 2nd period - Shot Hit the Post.
13:41 of 2nd period - Snap shot by Logan Shaw.
13:41 of 2nd period - Stopped by Pavel Francouz without a rebound.
13:42 of 2nd period - Ryan Hartman wins face-off versus Brett Howden in Sound Tigers zone.
14:03 of 2nd period - Minor Penalty to Ryan Hartman for Tripping.
14:04 of 2nd period - Ben Thomson wins face-off versus Sam Bennett in Sound Tigers zone.
14:29 of 2nd period - Connor Murphy is hit by Brandon Carlo and loses puck.
14:46 of 2nd period - Sven Baertschi is hit by Ben Thomson and loses puck.
16:03 of 2nd period - Penalty to Ryan Hartman is over, Ryan Hartman is back on ice.
17:51 of 2nd period - Alan Quine is hit by Alex Tuch and loses puck.
18:06 of 2nd period - Dylan McIlrath is hit by Ilya Lyubushkin and loses puck.
18:49 of 2nd period - Minor Penalty to Sam Bennett for Tripping.
18:50 of 2nd period - Valeri Nichushkin wins face-off versus Borna Rendulic in Devils zone.
19:03 of 2nd period - Slapshot by Borna Rendulic.
19:03 of 2nd period - Stopped by Calvin Pickard without a rebound.
19:04 of 2nd period - Valeri Nichushkin wins face-off versus Joe Labate in Devils zone.
19:29 of 2nd period - Sven Baertschi is hit by Borna Rendulic and loses puck.
Goals for this period are 0 for Devils vs 1 for Sound Tigers.
Shots for this period are 5 for Devils vs 12 for Sound Tigers.
3rd period
0:01 of 3rd period - Ryan Hartman wins face-off versus Valeri Nichushkin in neutral zone.
0:04 of 3rd period - Slapshot by Connor Murphy.
0:04 of 3rd period - Shot Misses the Net.
0:06 of 3rd period - Snap shot by Alex Tuch.
0:06 of 3rd period - Shot Misses the Net.
0:08 of 3rd period - Snap shot by Alex Tuch.
0:08 of 3rd period - Shot Blocked by Brandon Carlo.
0:10 of 3rd period - Slapshot by Connor Murphy.
0:10 of 3rd period - Deflect By Sven Baertschi.
0:10 of 3rd period - Stopped by Calvin Pickard without a rebound.
0:11 of 3rd period - Valeri Nichushkin wins face-off versus Ryan Hartman in Devils zone.
0:22 of 3rd period - Valeri Nichushkin is hit by Ryan Hartman and loses puck.
0:49 of 3rd period - Penalty to Sam Bennett is over, Sam Bennett is back on ice.
1:10 of 3rd period - Slapshot by Ben Thomson.
1:10 of 3rd period - Shot Misses the Net.
1:17 of 3rd period - Off-side.
1:18 of 3rd period - Alan Quine wins face-off versus Ryan Hartman in neutral zone.
1:23 of 3rd period - Wrist shot by Alan Quine.
1:23 of 3rd period - Shot Misses the Net.
1:25 of 3rd period - Slapshot by Brandon Carlo.
1:25 of 3rd period - Shot Misses the Net.
1:27 of 3rd period - Snap shot by Brandon Carlo.
1:27 of 3rd period - Deflect By Ryan Hartman.
1:27 of 3rd period - Stopped by Pavel Francouz with a rebound.
1:29 of 3rd period - Wrist shot by Alan Quine.
1:29 of 3rd period - Stopped by Pavel Francouz without a rebound.
1:30 of 3rd period - Sam Bennett wins face-off versus Ryan Hartman in Sound Tigers zone.
1:31 of 3rd period - Snap shot by Logan Shaw.
1:31 of 3rd period - Stopped by Pavel Francouz with a rebound.
1:33 of 3rd period - Minor Penalty to Alex Tuch for Holding.
1:34 of 3rd period - Ryan Hartman wins face-off versus Sam Bennett in Sound Tigers zone.
2:12 of 3rd period - Wrist shot by Valeri Nichushkin.
2:12 of 3rd period - Goal by Valeri Nichushkin - Devils : 1 - Sound Tigers : 1.
2:13 of 3rd period - Ryan Hartman wins face-off versus Sam Bennett in neutral zone.
3:05 of 3rd period - Icing by Conor Garland.
3:06 of 3rd period - Brett Howden wins face-off versus Ryan Hartman in Devils zone.
3:06 of 3rd period - Ilya Lyubushkin is hit by Ryan Hartman.
3:11 of 3rd period - Ilya Lyubushkin is hit by Dylan McIlrath and loses puck.
3:16 of 3rd period - Wrist shot by Brett Howden.
3:16 of 3rd period - Stopped by Pavel Francouz with a rebound.
3:18 of 3rd period - Snap shot by Brett Seney.
3:18 of 3rd period - Stopped by Pavel Francouz with a rebound.
3:20 of 3rd period - Snap shot by Dalton Thrower.
3:20 of 3rd period - Shot Misses the Net.
3:22 of 3rd period - Slapshot by Dalton Thrower.
3:22 of 3rd period - Stopped by Pavel Francouz with a rebound.
3:24 of 3rd period - Backhand shot by Brett Howden.
3:24 of 3rd period - Goal by Brett Howden - Devils : 2 - Sound Tigers : 1.
3:25 of 3rd period - Alex Tuch wins face-off versus Sam Bennett in neutral zone.
3:30 of 3rd period - Logan Shaw is hit by Ryan Hartman and loses puck.
3:51 of 3rd period - Connor Murphy is hit by Brett Howden and loses puck.
3:59 of 3rd period - Off-side.
4:00 of 3rd period - Joe Labate wins face-off versus Sam Bennett in neutral zone.
4:05 of 3rd period - Snap shot by James Sheppard.
4:05 of 3rd period - Shot Blocked by Sam Bennett.
4:07 of 3rd period - Slapshot by Slater Koekkoek.
4:07 of 3rd period - Deflect By James Sheppard.
4:07 of 3rd period - Stopped by Calvin Pickard without a rebound.
4:08 of 3rd period - Joe Labate wins face-off versus Sam Bennett in Devils zone.
4:11 of 3rd period - Slapshot by Christian Fischer.
4:11 of 3rd period - Shot Blocked by Logan Shaw.
5:09 of 3rd period - Snap shot by Alan Quine.
5:09 of 3rd period - Shot Blocked by Alexander Yelesin.
5:11 of 3rd period - Double Minor Penalty to Ben Thomson for High sticking.
5:12 of 3rd period - Ryan Hartman wins face-off versus Sven Baertschi in Sound Tigers zone.
5:20 of 3rd period - Off-side.
5:21 of 3rd period - Ryan Hartman wins face-off versus Sam Bennett in neutral zone.
5:42 of 3rd period - Slapshot by Sven Baertschi.
5:42 of 3rd period - Stopped by Pavel Francouz with a rebound.
5:46 of 3rd period - Slapshot by Logan Shaw.
5:46 of 3rd period - Stopped by Pavel Francouz with a rebound.
5:48 of 3rd period - Snap shot by Sven Baertschi.
5:48 of 3rd period - Deflect By Ryan Hartman.
5:48 of 3rd period - Stopped by Pavel Francouz with a rebound.
5:50 of 3rd period - Backhand shot by Ben Hutton.
5:50 of 3rd period - Shot Misses the Net.
5:52 of 3rd period - Snap shot by Ben Hutton.
5:52 of 3rd period - Stopped by Pavel Francouz without a rebound.
5:53 of 3rd period - Alan Quine wins face-off versus Ryan Hartman in Sound Tigers zone.
7:52 of 3rd period - Slapshot by Conor Garland.
7:52 of 3rd period - Shot Misses the Net.
7:54 of 3rd period - Slapshot by Brandon Carlo.
7:54 of 3rd period - Shot Blocked by Garret Ross.
7:56 of 3rd period - Snap shot by Brett Howden.
7:56 of 3rd period - Shot Blocked by Garret Ross.
8:24 of 3rd period - Ryan Hartman is hit by Brett Howden and loses puck.
9:11 of 3rd period - Penalty to Ben Thomson is over, Ben Thomson is back on ice.
10:36 of 3rd period - Sven Baertschi is hit by Ryan Hartman and loses puck.
10:58 of 3rd period - Dylan McIlrath is hit by Valeri Nichushkin and loses puck.
11:09 of 3rd period - Wrist shot by Connor Murphy.
11:09 of 3rd period - Shot Blocked by Ben Hutton.
11:38 of 3rd period - Conor Garland is hit by Ryan Hartman and loses puck.
12:07 of 3rd period - Alan Quine is hit by Garret Ross and loses puck.
12:32 of 3rd period - Snap shot by Pavel Kraskovsky.
12:32 of 3rd period - Deflect By Scott Glennie.
12:32 of 3rd period - Stopped by Calvin Pickard without a rebound.
12:33 of 3rd period - Pavel Kraskovsky wins face-off versus Conor Garland in Devils zone.
12:34 of 3rd period - Snap shot by Scott Glennie.
12:34 of 3rd period - Stopped by Calvin Pickard with a rebound.
12:36 of 3rd period - Slapshot by Dylan McIlrath.
12:36 of 3rd period - Shot Blocked by Ben Hutton.
12:38 of 3rd period - Wrist shot by Scott Glennie.
12:38 of 3rd period - Shot Misses the Net.
12:40 of 3rd period - Snap shot by Ben Thomson.
12:40 of 3rd period - Shot Misses the Net.
12:42 of 3rd period - Slapshot by Connor Murphy.
12:42 of 3rd period - Shot Blocked by Conor Garland.
12:44 of 3rd period - Snap shot by Ben Thomson.
12:44 of 3rd period - Shot Misses the Net.
12:56 of 3rd period - Wrist shot by Mason Marchment.
12:56 of 3rd period - Stopped by Pavel Francouz without a rebound.
12:57 of 3rd period - Mason Marchment wins face-off versus Ryan Hartman in Sound Tigers zone.
13:03 of 3rd period - Icing by Borna Rendulic.
13:04 of 3rd period - Sam Bennett wins face-off versus Ryan Hartman in Sound Tigers zone.
13:13 of 3rd period - Icing by Ryan Hartman.
13:14 of 3rd period - Sam Bennett wins face-off versus Ryan Hartman in Sound Tigers zone.
13:19 of 3rd period - Wrist shot by Sven Baertschi.
13:19 of 3rd period - Stopped by Pavel Francouz with a rebound.
13:37 of 3rd period - Slater Koekkoek is hit by Sam Bennett and loses puck.
13:52 of 3rd period - Snap shot by Borna Rendulic.
13:52 of 3rd period - Deflect By Alex Tuch.
13:52 of 3rd period - Shot Misses the Net.
13:52 of 3rd period - Puck is out of play.
13:53 of 3rd period - Joe Labate wins face-off versus Joonas Donskoi in Devils zone.
14:02 of 3rd period - Wrist shot by James Sheppard.
14:02 of 3rd period - Shot Misses the Net.
14:21 of 3rd period - Icing by Connor Murphy.
14:22 of 3rd period - Brett Howden wins face-off versus Ryan Bourque in Sound Tigers zone.
14:25 of 3rd period - Wrist shot by Brett Seney.
14:25 of 3rd period - Stopped by Pavel Francouz with a rebound.
14:51 of 3rd period - Brett Howden is hit by James Livingstone and loses puck.
16:07 of 3rd period - Connor Murphy is hit by Christian Wolanin and loses puck.
16:25 of 3rd period - Slapshot by Conor Garland.
16:25 of 3rd period - Deflect By Brett Howden.
16:25 of 3rd period - Shot Blocked by Connor Murphy.
16:25 of 3rd period - Puck is out of play.
16:26 of 3rd period - Ryan Hartman wins face-off versus Sam Bennett in Sound Tigers zone.
16:26 of 3rd period - Ryan Hartman is hit by Ben Hutton.
16:52 of 3rd period - James Sheppard is hit by Ben Hutton and loses puck.
17:29 of 3rd period - Joonas Donskoi is hit by Borna Rendulic and loses puck.
18:00 of 3rd period - Snap shot by Ben Thomson.
18:00 of 3rd period - Deflect By Brandon Carlo.
18:00 of 3rd period - Shot Misses the Net.
18:00 of 3rd period - Puck is out of play.
18:01 of 3rd period - Ryan Hartman wins face-off versus Alan Quine in Devils zone.
19:01 of 3rd period - Logan Shaw is hit by Ryan Hartman and loses puck.
19:04 of 3rd period - Sound Tigers, Pavel Francouz is pulled from the net.
19:26 of 3rd period - Wrist shot by Borna Rendulic.
19:26 of 3rd period - Shot Misses the Net.
19:28 of 3rd period - Wrist shot by Borna Rendulic.
19:28 of 3rd period - Shot Misses the Net.
19:30 of 3rd period - Slapshot by Connor Murphy.
19:30 of 3rd period - Stopped by Calvin Pickard without a rebound.
19:31 of 3rd period - Paul Maurice call a timeout for Sound Tigers.
19:31 of 3rd period - Ryan Hartman wins face-off versus Christian Wolanin in Devils zone.
19:34 of 3rd period - Slapshot by Ryan Hartman.
19:34 of 3rd period - Stopped by Calvin Pickard with a rebound.
19:36 of 3rd period - Backhand shot by Borna Rendulic.
19:36 of 3rd period - Stopped by Calvin Pickard without a rebound.
19:37 of 3rd period - Christian Wolanin wins face-off versus Ryan Hartman in Devils zone.
19:43 of 3rd period - Off-side.
19:44 of 3rd period - Borna Rendulic wins face-off versus Christian Wolanin in neutral zone.
19:58 of 3rd period - Wrist shot by Dylan McIlrath.
19:58 of 3rd period - Stopped by Calvin Pickard with a rebound.
Goals for this period are 2 for Devils vs 0 for Sound Tigers.
Shots for this period are 15 for Devils vs 8 for Sound Tigers.